 Dungeon Crawl Stone Soup version 0.31.0-32-g396128a36d (webtiles) character file.

Game seed: 5479615327119675575

130 Econoterrorist the Ruffian (level 4, 0/44 HPs)
             Began as a Troll Fighter on Apr 11, 2024.
             Slain by Sigmund
             ... wielding a +0 scythe
              (11 damage)
             ... on level 4 of the Dungeon.
             The game lasted 00:05:59 (3382 turns).

Econoterrorist the Ruffian (Troll Fighter)          Turns: 3382, Time: 00:06:00

Health: 0/44       AC:  4    Str: 24    XL:     4   Next: 89%
Magic:  3/3        EV:  9    Int:  4    God:
Gold:   170        SH:  8    Dex: 11    Spells: 3/3 levels left

rFire   . .          .
                       - Unarmed
rCold   + . .        b - +0 kite shield
rNeg    . . .        a - +0 robe
rPois   .            (helmet restricted)
rElec   .            (no cloak)
rCorr   .            (gloves unavailable)
SInv    .            (boots unavailable)
Will    .....        (no amulet)
Stlth   +            f - ring of protection from cold
HPRegen 1.07/turn    (no ring)
MPRegen 0.08/turn

%: no passive effects
@: mighty
A: large, unfitting armour, claws 3, regeneration 1, shaggy fur 1, tough skin 1
a: no special abilities


You were on level 4 of the Dungeon.
You visited 1 branch of the dungeon, and saw 4 of its levels.

You collected 170 gold pieces.

Inventory:

Armour
 a - a +0 robe (worn)
 b - a +0 kite shield (worn)
Jewellery
 f - a ring of protection from cold (left claw)
Scrolls
 d - 5 scrolls of fog {unknown}
 e - a scroll of blinking {unknown}
 h - 6 scrolls of identify {unknown}
 k - a scroll of noise {unknown}
Potions
 c - a potion of might
 g - a potion of degeneration {unknown}
 i - a potion of brilliance {unknown}
 j - a potion of curing {unknown}
 l - 2 potions of cancellation {unknown}
 m - a potion of heal wounds {unknown}
 n - 2 potions of haste {unknown}


   Skills:
 - Level 2.4 Fighting
 - Level 2.4 Dodging
 - Level 2.6 Shields
 + Level 5.1 Unarmed Combat


You had 3 spell levels left.
You didn't know any spells.
Your spell library contained the following spells:

 Spells                   Type           Power      Damage    Failure   Level
 Summon Forest            Summ/Tloc      0%         N/A       100%        5
 Summon Mana Viper        Hex/Summ       0%         N/A       100%        5
 Summon Cactus Giant      Summ           0%         N/A       100%        6


Dungeon Overview and Level Annotations

Branches:
Dungeon (4/15)
 Temple: D:4-7

Altars:

Annotations:
D:4 2 runed translucent doors, Sigmund; panicmichael's ghost, amateur SpAl


Innate Abilities, Weirdness & Mutations

You are too large for most types of armour.
You have claws for hands.
Your natural rate of healing is unusually fast.
You are covered in fur. (AC +1)
You have tough skin. (AC +1)


Message History

The orc shouts!
You claw the orc!
You kill the orc!
You see here a +0 dagger.
Found a leather armour.
Press: ? - help, v - describe, . - travel
Here: panicmichael's ghost, wielding a weapon of venom (fire blocked by a runed translucent door)
The floor.
Panicmichael's ghost wails, "Death is your only future!"
You open the door.
There is an open door here.
There is an open door here.
You now have 170 gold pieces (gained 13).
Sigmund the Dreaded comes into view.
He is wielding a +0 scythe.
Sigmund shouts!
You feel very mighty all of a sudden. Sigmund hits you but does no damage.
Sigmund points at you and mumbles some strange words.
You are confused.
You completely miss Sigmund. Sigmund barely misses you.
You bump into the rock wall.
Sigmund hits you but does no damage.
You bump into the rock wall.
Sigmund hits you from afar with a +0 scythe!
You bump into the rock wall.
You bump into the rock wall.
You feel less confused.
Sigmund laughs darkly.
Sigmund mumbles some strange words.
Sigmund flickers and vanishes!
Deactivating autopickup; reactivate with Ctrl-A.
You hear some strange, mumbled words.
A puff of flame appears from out of thin air!
The puff of flame hits you!
You barely miss something. Something hits you!
You miss something. Something hits you!
* * * LOW HITPOINT WARNING * * *
You barely miss something. You claw something! Something hits you!
You die...

### ..# #.# #.#
#{# #@# #
#####.###########
#
#...#...........#
#
#.#.###########.#
#
#.#.........###.#
#
##.####.#####....#
#
#.......#...#.####
#..####.#.#.#.#
...........^#.#.#


There were no monsters in sight!

Vanquished Creatures
  An iguana (D:4)
  An adder (D:2)
  3 ribbon worms (D:2)
  A dart slug (D:2)
  3 orcs
  4 ball pythons
  11 endoplasms
  4 giant cockroaches
  9 goblins
  6 hobgoblins
  3 jackals (D:2)
  3 quokkas
  9 bats
  4 frilled lizards
  4 kobolds
  8 rats
74 creatures vanquished.

Notes
Turn   | Place    | Note
-------+----------+-------------------------------------------
     0 | D:1      | Econoterrorist the Troll Fighter began the quest for the
                  | Orb.
     0 | D:1      | Reached XP level 1. HP: 22/22 MP: 0/0
   178 | D:1      | Reached XP level 2. HP: 29/29 MP: 1/1
   284 | D:1      | Reached skill level 3 in Unarmed Combat
   656 | D:1      | Reached XP level 3. HP: 36/36 MP: 2/2
  1253 | D:2      | Reached skill level 4 in Unarmed Combat
  1423 | D:2      | Reached XP level 4. HP: 44/44 MP: 3/3
  2115 | D:3      | Identified the +8 whip "Lerum" {heavy, Dex+4}
  2178 | D:3      | Identified the +7 sling "Uskit" {flame, rCorr}
  2469 | D:4      | Reached skill level 5 in Unarmed Combat
  3270 | D:4      | Found a large runed translucent door.
  3270 | D:4      | Found a large runed translucent door.
  3274 | D:4      | Noticed panicmichael's ghost (amateur SpAl)
  3368 | D:4      | Noticed Sigmund
  3382 | D:4      | Slain by Sigmund

Illustrated notes

Levels and vault maps discovered:
D:1:      scummos_arrival_forest, layout_loops_corners, serial_forest,
          infiniplex_forest_lined_3, infiniplex_forest_lined_room_,
          infiniplex_forest_clump_C, infiniplex_forest_end_1,
          infiniplex_forest_clump_medium, infiniplex_forest_clump_C,
          infiniplex_forest_clump_double, hangedman_feature_mirror
D:2:      layout_basic
D:3:      layout_loops_ring
D:4:      layout_basic, ebering_ghost_disaster_area, eino_tiny_chamber,
          uniq_sigmund

Skill      XL: |  1  2  3  4 |
---------------+-------------+-----
Unarmed Combat | 3 4 5 |  5.1
Fighting       | |  2.4
Dodging        | |  2.4
Shields        | |  2.6

Action                     |  1- 3 |  4- 6 || total
---------------------------+-------+-------++-------
  Melee: Unarmed           |   111 |    70 ||   181
    Use: Potion            |       |     1 ||     1
   Stab: Sleeping          |       |     2 ||     2
 Armour: Robe              |    57 |    31 ||    88
  Dodge: Dodged            |    33 |    23 ||    56
  Block: Kite shield       |    39 |    21 ||    60
